AoeStats
← waLLefps.

Oasis

507570692Analyzed
4v4 RM · 12d ago on Sep 18, 2026· 54m 52s· 8 players
Game mode
Random Map
Map size
Large (8 player)
Population
200
Speed
Normal
Resources
Standard
Victory
Conquest
Starting age
Dark Age
Ending age
Imperial Age
RankedLock teamsTeams togetherTeam positionsShared explorationLock speedFull tech treeHidden civsTurbo modeCheats
Victory
Defeat
🇨🇳 Maya · China
1414
+17
🇭🇰 Persians · Hong Kong SAR China
1388
+18
🇩🇪 Ethiopians · Germany
1365
+19
🇭🇰 Khmer · Hong Kong SAR China
1334
+19
🇹🇷 Hindustanis · Türkiye
1498
-22
🇹🇷 Ethiopians · Türkiye
1472
-21
🇹🇷 Wu · Türkiye
1406
-17
🇹🇷 Persians · Türkiye
1308
-13
the_kiri
6:52 Loom
9:47 Feudal Age
10:15 Double-Bit Axe
11:43 Horse Collar
14:47 Fletching
21:59 Castle Age
20:03 Gold Mining
21:22 Wheelbarrow
22:42 Bodkin Arrow
22:09 Crossbowman
23:01 Bow Saw
23:45 Padded Archer Armor
26:45 Hand Cart
26:31 Town Watch
29:56 Ballistics
30:43 Fortified Wall
33:46 Imperial Age
31:48 Thumb Ring
34:10 Leather Archer Armor
34:05 Heavy Plow
33:57 Stone Mining
34:54 Bracer
35:56 Chemistry
34:32 Capped Ram
34:42 Arbalester
35:47 Conscription
37:59 Ring Archer Armor
39:15 Halberdier
39:57 Scale Mail Armor
40:27 Siege Engineers
40:34 Masonry
41:12 Scale Barding Armor
41:18 Forging
41:51 Chain Mail Armor
41:55 Light Cavalry
44:52 Caravan
45:32 Husbandry
46:32 Hussar
47:35 Chain Barding Armor
47:50 Iron Casting
48:27 Coinage
48:36 Coinage
49:44 Architecture
50:49 Blast Furnace
50:41 Torsion Engines
54:01 Banking
WanGGG
7:39 Loom
9:55 Feudal Age
10:41 Double-Bit Axe
10:46 Horse Collar
13:36 Wheelbarrow
20:52 Castle Age
19:48 Scale Barding Armor
19:55 Bloodlines
20:47 Forging
22:42 Bow Saw
22:30 Gold Mining
23:56 Husbandry
24:25 Chain Barding Armor
24:17 Heavy Plow
30:00 Iron Casting
35:06 Imperial Age
32:22 Town Watch
34:27 Gold Shaft Mining
33:43 Stone Mining
34:52 Hand Cart
35:09 Cavalier
36:32 Plate Barding Armor
39:11 Coinage
40:11 Capped Ram
47:13 Conscription
47:01 Fletching
48:12 Blast Furnace
47:54 Bodkin Arrow
49:02 Masonry
49:13 Ballistics
48:49 Elite Battle Elephant
50:41 Bracer
50:49 Tusk Swords
51:37 Padded Archer Armor
iiiiice
0:39 Loom
9:16 Feudal Age
17:45 Fletching
18:31 Padded Archer Armor
19:47 Double-Bit Axe
25:17 Castle Age
24:59 Gold Mining
25:18 Crossbowman
26:01 Bodkin Arrow
26:23 Leather Archer Armor
27:34 Ballistics
27:58 Wheelbarrow
42:31 Hand Cart
47:13 Bow Saw
51:19 Imperial Age
50:28 Thumb Ring
50:51 Stone Mining
51:22 Arbalester
52:04 Bracer
52:35 Ring Archer Armor
53:11 Chemistry
52:58 Elite Skirmisher
54:11 Town Watch
明月清风
7:36 Loom
9:48 Feudal Age
10:30 Double-Bit Axe
14:48 Scale Barding Armor
16:02 Forging
19:40 Bloodlines
23:16 Horse Collar
27:08 Castle Age
25:22 Gold Mining
26:58 Light Cavalry
27:39 Husbandry
28:01 Chain Barding Armor
30:47 Gold Shaft Mining
31:47 Iron Casting
34:15 Wheelbarrow
38:49 Bow Saw
45:10 Imperial Age
42:57 Hand Cart
43:49 Stone Mining
45:10 Cavalier
46:26 Plate Barding Armor
46:53 Blast Furnace
46:34 Savar
47:34 Heavy Plow
48:08 Capped Ram
52:12 Guilds
53:17 Caravan
klostrofobikköstebek
7:31 Loom
9:28 Feudal Age
15:23 Scale Barding Armor
17:54 Bloodlines
17:37 Horse Collar
19:15 Forging
24:27 Castle Age
22:23 Double-Bit Axe
24:05 Wheelbarrow
24:15 Gold Mining
25:10 Husbandry
26:11 Iron Casting
27:21 Light Cavalry
30:34 Gold Shaft Mining
30:12 Bow Saw
30:46 Chain Barding Armor
31:02 Hand Cart
31:45 Heavy Plow
42:38 Imperial Age
41:01 Stone Mining
42:38 Heavy Camel Rider
43:55 Plate Barding Armor
44:21 Blast Furnace
45:39 Imperial Camel Rider
48:15 Padded Archer Armor
48:06 Fletching
48:44 Ballistics
48:40 Elite Skirmisher
49:26 Thumb Ring
Tameryig1t
7:22 Loom
9:39 Feudal Age
10:47 Double-Bit Axe
waLLefps.
7:30 Loom
9:38 Feudal Age
11:26 Town Watch
12:07 Double-Bit Axe
13:19 Fletching
17:37 Horse Collar
18:14 Padded Archer Armor
23:06 Castle Age
23:29 Gold Mining
23:59 Bodkin Arrow
23:25 Crossbowman
24:18 Bow Saw
25:23 Ballistics
27:02 Wheelbarrow
27:23 Thumb Ring
28:19 Leather Archer Armor
32:08 Stone Mining
35:00 Hand Cart
38:19 Gold Shaft Mining
40:33 Imperial Age
38:24 Scale Mail Armor
38:35 Forging
39:26 Chain Mail Armor
41:52 Ring Archer Armor
41:22 Bracer
42:24 Chemistry
41:59 Conscription
41:15 Arbalester
42:04 Squires
46:56 Conscription
47:45 Two-Man Saw
Fırtına
7:51 Loom
9:54 Feudal Age
11:46 Horse Collar
11:52 Double-Bit Axe
16:20 Wheelbarrow
18:51 Castle Age
18:03 Gold Mining
18:52 Bloodlines
18:53 Forging
19:30 Scale Barding Armor
29:07 Chain Barding Armor
29:41 Kamandaran
35:31 Imperial Age
32:56 Elite Skirmisher
34:07 Husbandry
34:01 Fletching
35:29 Ballistics
35:06 Bodkin Arrow
35:12 Padded Archer Armor
35:28 Bow Saw
35:11 Cavalier
37:54 Chemistry
41:15 Leather Archer Armor
Connection lost

Rejoining the realm…

Still unreachable

The connection could not be restored.

Session expired

The server has moved on; the page needs a fresh start.